[Event "Titled Tuesday Blitz March 29 Late 2022"]
[White "Korchmar, Vasiliy"]
[Black "Szpar, Milosz"]
[WhiteFideId "24131750"]
[BlackFideId "1184989"]
[WhiteElo "2370"]
[BlackElo "2447"]
[Result "1-0"]
[Round "07"]
[TimeControl "180+1"]
[Date "2022.03.29"]
[WhiteClock "0:02:24"]
[BlackClock "0:01:14"]

1. d4 d5 2. Bf4 c5 3. e3 Nc6 4. Nf3 Bf5 5. dxc5 e6 6. Nd4 Bxc5 7. Nxf5 exf5 8. Bd3 Nge7 9. O-O Qb6 10. Nc3 O-O 11. Na4 Qa5 12. c3 Rfd8 13. b4 Nxb4 14. cxb4 Bxb4 15. a3 Bd6 16. Bxd6 Rxd6 17. Qb3 b6 18. Nc3 Rad8 19. Qb4 d4 20. Nb5 Re6 21. Qxa5 bxa5 22. Nxd4 1-0


[Site "https://www.chess.com"]

[Event "Titled Tuesday Blitz March 29 Late 2022"]
[White "Kozina, Anastasia"]
[Black "Bogumil, Tatiana"]
[WhiteFideId "24174017"]
[BlackFideId "4110579"]
[WhiteElo "1993"]
[BlackElo "1761"]
[Result "1-0"]
[Round "07"]
[TimeControl "180+1"]
[Date "2022.03.30"]
[WhiteClock "0:01:50"]
[BlackClock "0:00:02"]

1. a3 Nf6 2. b4 g6 3. Bb2 Bg7 4. Nf3 b6 5. g3 Bb7 6. Bg2 O-O 7. O-O c5 8. c4 a5 9. bxc5 bxc5 10. Nc3 d6 11. Rb1 Bc6 12. Ba1 a4 13. Nb5 Nbd7 14. d4 Bxb5 15. Rxb5 Rb8 16. Qxa4 Ne4 17. Rfb1 Ra8 18. Qb3 cxd4 19. Qc2 Nec5 20. Nxd4 Rxa3 21. Nc6 Qe8 22. Bxg7 Kxg7 23. Qb2+ 1-0


[Site "https://www.chess.com"]

[Event "Titled Tuesday Blitz March 29 Late 2022"]
[White "Krstulovic, Alex"]
[Black "Golubev, Mikhail"]
[WhiteFideId "760056"]
[BlackFideId "14100983"]
[WhiteElo "2193"]
[BlackElo "2374"]
[Result "0-1"]
[Round "07"]
[TimeControl "180+1"]
[Date "2022.03.30"]
[WhiteClock "0:00:09"]
[BlackClock "0:00:21"]

1. e4 c5 2. Nc3 Nc6 3. g3 g6 4. Bg2 Bg7 5. d3 e6 6. Be3 d6 7. Qd2 Rb8 8. Nge2 b5 9. d4 b4 10. Nd1 cxd4 11. Nxd4 Nge7 12. Nxc6 Nxc6 13. Bh6 Bxh6 14. Qxh6 Ba6 15. h4 Qa5 16. h5 g5 17. Bf1 Qe5 18. Bxa6 Qxe4+ 19. Kd2 Qxh1 20. Qg7 Rf8 21. Qxh7 Ne5 22. Qg7 Qd5+ 23. Bd3 Nxd3 24. cxd3 Qe5 25. Qxe5 dxe5 26. Ne3 Ke7 27. Rc1 Rbc8 28. Nc4 Rh8 29. g4 f6 30. Re1 Rhd8 31. b3 Rd4 32. Re3 Rxg4 0-1


[Site "https://www.chess.com"]

[Event "Titled Tuesday Blitz March 29 Late 2022"]
[White "Lehtosaari, Mauri"]
[Black "Romero Ruscalleda, Josep"]
[WhiteFideId "501999"]
[BlackFideId "2231859"]
[WhiteElo "2504"]
[BlackElo "2329"]
[Result "0-1"]
[Round "07"]
[TimeControl "180+1"]
[Date "2022.03.30"]
[WhiteClock "0:00:04"]
[BlackClock "0:00:58"]

1. d4 g6 2. Nf3 Bg7 3. Bg5 d6 4. c3 Nd7 5. Nbd2 c5 6. e3 b6 7. Bc4 Bb7 8. Qb3 Qc7 9. Bxf7+ Kf8 10. Be6 Ngf6 11. Bf4 h6 12. Nh4 g5 13. Ng6+ Ke8 14. Nxh8 gxf4 15. Bh3 Bxh8 16. O-O-O Bd5 17. c4 cxd4 18. exd4 Bf7 19. Kb1 a6 20. d5 Nc5 21. Qa3 b5 22. cxb5 Nxd5 23. Rhe1 Bg6+ 24. Ka1 Nd3 25. Ne4 Bxb2+ 26. Qxb2 Nxb2 27. Kxb2 Bxe4 28. Rc1 Qb6 29. Rxe4 Qxb5+ 30. Ka1 Rb8 31. Rc8+ Rxc8 32. Bxc8 Nc3 33. Re1 Qc4 34. Be6 Qd3 35. Rg1 Nd1 36. Bb3 Qc3+ 37. Kb1 Qb2# 0-1


[Site "https://www.chess.com"]

[Event "Titled Tuesday Blitz March 29 Late 2022"]
[White "Lewtak, Damian"]
[Black "Bryakin, Mikhail"]
[WhiteFideId "1141724"]
[BlackFideId "4165314"]
[WhiteElo "2362"]
[BlackElo "2417"]
[Result "1/2-1/2"]
[Round "07"]
[TimeControl "180+1"]
[Date "2022.03.29"]
[WhiteClock "0:00:12"]
[BlackClock "0:00:06"]

1. d4 Nf6 2. Nf3 g6 3. c4 Bg7 4. Nc3 d6 5. e4 O-O 6. Be2 Nc6 7. d5 Ne5 8. Nd2 c6 9. h3 a6 10. O-O b5 11. dxc6 bxc4 12. Nxc4 Nxc6 13. Bf3 Bb7 14. Be3 Nd7 15. Nd5 Nde5 16. Be2 Nxc4 17. Bxc4 Ne5 18. Be2 Nd7 19. Rc1 Bxb2 20. Rb1 Bxd5 21. Rxb2 Be6 22. Qd4 f6 23. f4 Qa5 24. Bc4 Bf7 25. Rb7 Rad8 26. Bxf7+ Rxf7 27. Rc1 Nc5 28. Rb2 Ne6 29. Qc4 d5 30. Qb3 Qb5 31. Qc2 Qd7 32. Bb6 Rb8 33. exd5 Qxd5 34. Rd1 Qf5 35. Qc4 Nxf4 36. Rf1 g5 37. Qc7 Qc8 38. Rd2 Qxc7 39. Bxc7 Rc8 40. Bxf4 gxf4 41. Rxf4 Rg7 42. Ra4 Rc6 43. Rd3 Kf7 44. Kh2 Rc2 45. Rg3 Rxg3 46. Kxg3 Rc6 47. Kf4 e6 48. Ke4 Rb6 49. Kd4 f5 50. Kc5 Rb5+ 51. Kc4 Rb2 52. g4 Rf2 53. Rxa6 fxg4 54. hxg4 Rf4+ 55. Kc5 Rxg4 56. Ra7+ Kg6 57. Ra8 Re4 58. a4 h5 59. a5 Re1 60. a6 Ra1 61. Kd6 Kg7 62. Kxe6 h4 63. Rc8 Rxa6+ 64. Kf5 Ra4 65. Kg5 Kf7 66. Rc3 Ke6 67. Re3+ Kf7 68. Rh3 Ke6 69. Rxh4 Ra5+ 70. Kg6 Ra1 71. Re4+ Kd5 72. Re2 Rf1 73. Kg5 Kd4 74. Re8 Kd5 75. Rd8+ Ke6 76. Re8+ Kf7 77. Re2 Rg1+ 78. Kf4 Rg6 1/2-1/2


[Site "https://www.chess.com"]

[Event "Titled Tuesday Blitz March 29 Late 2022"]
[White "Lin, Dachey"]
[Black "Riazantsev, Alexander"]
[WhiteFideId "2029650"]
[BlackFideId "4125029"]
[WhiteElo "2313"]
[BlackElo "2595"]
[Result "1/2-1/2"]
[Round "07"]
[TimeControl "180+1"]
[Date "2022.03.29"]
[WhiteClock "0:00:07"]
[BlackClock "0:00:04"]

1. Nc3 d5 2. e4 c6 3. Nf3 Bg4 4. h3 Bxf3 5. Qxf3 e6 6. d3 Nd7 7. Bd2 Ngf6 8. g4 d4 9. Ne2 Ne5 10. Qg3 Ng6 11. f4 Qb6 12. O-O-O Nd7 13. h4 c5 14. Bh3 Rc8 15. Kb1 Ne7 16. g5 Nc6 17. e5 g6 18. h5 Rg8 19. hxg6 hxg6 20. Qf3 Ne7 21. Ng3 Nd5 22. Ne4 c4 23. dxc4 Rxc4 24. Qb3 Rc8 25. Bc1 Bc5 26. Bg2 Qa6 27. Rh7 Rf8 28. Re1 Be7 29. Nd6+ Bxd6 30. exd6 Qa5 31. Re2 N7b6 32. Qh3 d3 33. Qxd3 Qc5 34. a3 Qxd6 35. Rh1 Rg8 36. Rd1 Kf8 37. Red2 Qc7 38. Rh1 Nxf4 39. Qf3 Nxg2 40. Rxg2 Nd5 41. Qe4 Qe7 42. Ka1 Qd6 43. Rf2 Ke7 44. Rhf1 Rg7 45. b3 Rh7 46. Bb2 Kf8 47. Qd4 Qc5 48. Qe5 Kg8 49. Rxf7 Rc7 50. Qxe6 Rcxf7 51. Qxg6+ Rhg7 52. Bxg7 Rxf1+ 53. Ka2 Qc6 54. Bf6+ Kf8 55. Qg7+ Ke8 56. Qg8+ Kd7 57. Qf7+ Kc8 58. Qg8+ Kd7 59. Qf7+ Kc8 60. Qg8+ Kd7 1/2-1/2


[Site "https://www.chess.com"]

[Event "Titled Tuesday Blitz March 29 Late 2022"]
[White "Manolache, Marius"]
[Black "Martinez Reyes, Pedro Ramon"]
[WhiteFideId "1201530"]
[BlackFideId "3901807"]
[WhiteElo "2389"]
[BlackElo "2410"]
[Result "0-1"]
[Round "07"]
[TimeControl "180+1"]
[Date "2022.03.29"]
[WhiteClock "0:00:17"]
[BlackClock "0:00:12"]

1. d4 d6 2. Nf3 Nf6 3. Nc3 g6 4. e4 Bg7 5. Be3 a6 6. a4 O-O 7. Qd2 Bg4 8. Ng5 Nc6 9. d5 Nb4 10. f3 Bd7 11. g4 c6 12. dxc6 bxc6 13. a5 c5 14. Be2 Qc7 15. O-O h5 16. Na4 Bxa4 17. Rxa4 hxg4 18. fxg4 Qc6 19. Raa1 Nxe4 20. Nxe4 Qxe4 21. Bf3 Qxc2 22. Bxa8 Rxa8 23. Rab1 Bd4 24. Kh1 Qe4+ 25. Qg2 Qxg2+ 26. Kxg2 Bxe3 27. Rbe1 Nd5 28. Re2 Rb8 29. Kf3 Rb3 30. Ke4 e6 31. g5 Rb4+ 32. Kf3 Bxg5 33. Rc2 Rf4+ 34. Ke2 Rxf1 35. Kxf1 Ne3+ 36. Ke2 Nxc2 37. Kd3 Nb4+ 38. Kc4 Bf6 39. b3 Be5 40. h3 f5 41. h4 f4 42. h5 f3 43. h6 d5+ 44. Kxc5 f2 45. Kxb4 f1=Q 46. Kc5 Qb5# 0-1


[Site "https://www.chess.com"]

[Event "Titled Tuesday Blitz March 29 Late 2022"]
[White "Martin Duque, Jesus"]
[Black "Li, Ben"]
[WhiteFideId "2208954"]
[BlackFideId "2089980"]
[WhiteElo "2243"]
[BlackElo "2267"]
[Result "1-0"]
[Round "07"]
[TimeControl "180+1"]
[Date "2022.03.29"]
[WhiteClock "0:00:25"]
[BlackClock "0:00:07"]

1. Nf3 d5 2. b3 c5 3. e3 Nc6 4. Bb5 Bd7 5. c4 e6 6. cxd5 exd5 7. O-O Nf6 8. d4 a6 9. Be2 Bg4 10. Bb2 Bxf3 11. Bxf3 cxd4 12. Bxd4 Bb4 13. a3 Bd6 14. Nc3 Be5 15. Bxe5 Nxe5 16. Bxd5 Rc8 17. Qd4 Qe7 18. Bxb7 Rd8 19. Qa4+ Nfd7 20. Nd5 Qd6 21. Qxa6 Qb8 22. Rfd1 O-O 23. Ne7+ Kh8 24. Nc6 Nxc6 25. Bxc6 Nf6 26. b4 h5 27. Bf3 h4 28. h3 Rfe8 29. Qc4 Rxd1+ 30. Rxd1 Qa7 31. Qxh4+ Kg8 32. Rd3 Qa4 33. Qc4 g6 34. g3 Re6 35. Kg2 Kg7 36. h4 Nd7 37. Qb3 Qa7 38. Qc3+ Ne5 39. Rd5 f6 40. Ra5 Qe7 41. Bd5 Rd6 42. e4 Nd7 43. Qd4 Nb6 44. Rb5 Nxd5 45. Rxd5 Rxd5 46. exd5 Qb7 47. f3 Kf7 48. d6 Qd7 49. Qd5+ Kf8 50. b5 g5 51. hxg5 fxg5 52. b6 g4 53. fxg4 Qa4 54. Qf3+ Kg7 55. Qc3+ Kf7 56. Qc7+ Ke6 57. Qe7+ Kd5 58. d7 Qc2+ 59. Kf3 Qd1+ 60. Kf4 Qf1+ 61. Kg5 Kc6 62. d8=Q Kb5 63. Qd5+ Ka4 64. Qa7+ Qa6 65. Qxa6# 1-0


[Site "https://www.chess.com"]

[Event "Titled Tuesday Blitz March 29 Late 2022"]
[White "Martinez Alcantara, Jose Eduardo"]
[Black "Bluebaum, Matthias"]
[WhiteFideId "3805662"]
[BlackFideId "24651516"]
[WhiteElo "2690"]
[BlackElo "2550"]
[Result "1-0"]
[Round "07"]
[TimeControl "180+1"]
[Date "2022.03.29"]
[WhiteClock "0:00:17"]
[BlackClock "0:00:14"]

1. e4 c6 2. d4 d5 3. e5 Bf5 4. h4 h5 5. Bd3 Bxd3 6. Qxd3 Qa5+ 7. b4 Qa6 8. e6 Qxd3 9. cxd3 fxe6 10. Nd2 e5 11. dxe5 e6 12. Rb1 Nd7 13. Ndf3 Nh6 14. Nh3 Ng4 15. Bf4 Be7 16. O-O O-O 17. Rfe1 Rae8 18. a4 Bd8 19. a5 c5 20. Bd2 Rxf3 21. gxf3 Ngxe5 22. bxc5 Nxf3+ 23. Kg2 Nxe1+ 24. Bxe1 Nxc5 25. d4 Na6 26. Rxb7 Re7 27. Rb3 Rc7 28. Nf4 Bxh4 29. Bc3 Kf7 30. Nxh5 Bf6 31. Nf4 Be7 32. Nd3 Bd6 33. Bd2 Kf6 34. Kf3 Rc8 35. Bf4 Bxf4 36. Kxf4 Rb8 37. Rc3 g5+ 38. Kg4 Rb5 39. Ne5 Rxa5 40. Rf3+ Kg7 41. Rf7+ Kg8 42. Kxg5 Ra1 43. Rxa7 Rg1+ 44. Kf6 Nb4 45. Ng6 Rxg6+ 46. Kxg6 Kf8 47. Kf6 Ke8 48. Kxe6 Kd8 49. Kd6 Kc8 50. Rc7+ Kd8 51. Rb7 Na6 52. Rb6 Kc8 53. Rxa6 Kb7 54. Ra1 Kc8 55. Rf1 Kb7 56. f3 Kc8 57. Kxd5 Kb7 58. Ke4 Kc8 59. f4 Kd7 60. f5 Ke7 61. f6+ Kf8 62. Kf5 Kf7 63. Ke5 Kf8 64. Ke6 Kg8 65. d5 Kf8 66. d6 Kg8 67. Rb1 Kf8 68. Rb8# 1-0


[Site "https://www.chess.com"]

[Event "Titled Tuesday Blitz March 29 Late 2022"]
[White "Melaugh, Shane"]
[Black "Rangel, Daniel"]
[WhiteFideId "2509580"]
[BlackFideId "2124475"]
[WhiteElo "2014"]
[BlackElo "2225"]
[Result "1-0"]
[Round "07"]
[TimeControl "180+1"]
[Date "2022.03.30"]
[WhiteClock "0:00:22"]
[BlackClock "0:00:06"]

1. e4 c5 2. c4 d6 3. Nf3 Nf6 4. Nc3 a6 5. d4 cxd4 6. Nxd4 e6 7. Be2 Be7 8. Be3 O-O 9. O-O Nbd7 10. b4 Qc7 11. Rc1 b6 12. Nb3 Bb7 13. f3 Rac8 14. Na4 Rfe8 15. c5 dxc5 16. bxc5 bxc5 17. Nbxc5 Nxc5 18. Nxc5 Qb6 19. Qb3 Qxb3 20. Nxb3 Ba3 21. Rxc8 Rxc8 22. Rd1 h6 23. Kf2 Bb4 24. Rc1 a5 25. Rxc8+ Bxc8 26. Bb5 Bd7 27. Bxd7 Nxd7 28. a4 Kf8 29. Ke2 Ke7 30. Kd3 Kd6 31. Kc4 Kc6 32. Nd4+ Kb7 33. Kb5 Nb8 34. Bf4 Na6 35. Nc6 Be1 36. Nd8+ Kc8 37. Nxf7 Nc7+ 38. Bxc7 Kxc7 39. Ne5 Kd6 40. Nc6 g5 41. Nxa5 h5 42. Nc4+ Ke7 43. a5 Kd7 44. a6 Kc8 45. Kc6 Kb8 46. Kd6 Ka7 47. Kxe6 1-0


[Site "https://www.chess.com"]

[Event "Titled Tuesday Blitz March 29 Late 2022"]
[White "Melikhov, Evgeny V."]
[Black "De La Colina, Nicolas"]
[WhiteFideId "4122046"]
[BlackFideId "30946921"]
[WhiteElo "1945"]
[BlackElo "2046"]
[Result "0-1"]
[Round "07"]
[TimeControl "180+1"]
[Date "2022.03.30"]
[WhiteClock "0:01:32"]
[BlackClock "0:01:28"]

1. d4 Nf6 2. c4 g6 3. Nc3 Bg7 4. e4 d6 5. f3 O-O 6. Be3 Nc6 7. Nge2 a6 8. Qd2 Na5 9. Ng3 b5 10. h4 h5 11. Bh6 Nxc4 12. Bxc4 bxc4 13. Bxg7 Kxg7 14. O-O-O Rb8 15. Nf1 c6 16. Ne3 Be6 17. g4 Qa5 18. g5 Nd7 19. d5 Nc5 20. Nxc4 Qb4 21. dxe6 Qxc4 22. Qd4+ Qxd4 23. Rxd4 fxe6 24. Rh3 e5 25. Rd1 Rf7 26. Kc2 Rbf8 27. Rf1 Ne6 28. Kd3 Nf4+ 0-1


[Site "https://www.chess.com"]

[Event "Titled Tuesday Blitz March 29 Late 2022"]
[White "Meza, Anahi"]
[Black "Kazmaier, Daniel"]
[WhiteFideId "111325"]
[BlackFideId "2606089"]
[WhiteElo "1968"]
[BlackElo "2385"]
[Result "1-0"]
[Round "07"]
[TimeControl "180+1"]
[Date "2022.03.30"]
[WhiteClock "0:01:01"]
[BlackClock "0:01:34"]

1. d4 f5 2. c4 Nf6 3. g3 g6 4. Bg2 Bg7 5. Nc3 O-O 6. Nf3 d6 7. O-O c6 8. d5 e5 9. dxe6 Bxe6 10. Qd3 h6 11. h4 d5 12. cxd5 Nxd5 13. Rd1 Qe8 14. Nd4 Nxc3 15. bxc3 Nd7 16. Nxe6 Qxe6 17. Qxd7 Qxe2 18. Be3 Bxc3 19. Qe6+ Kh7 20. Rd7+ Kh8 21. Qxg6 1-0


[Site "https://www.chess.com"]

[Event "Titled Tuesday Blitz March 29 Late 2022"]
[White "Mikhailov, Viacheslav"]
[Black "Aggelis, Nikolaos"]
[WhiteFideId "4187369"]
[BlackFideId "4213220"]
[WhiteElo "2381"]
[BlackElo "2154"]
[Result "1-0"]
[Round "07"]
[TimeControl "180+1"]
[Date "2022.03.29"]
[WhiteClock "0:02:26"]
[BlackClock "0:01:54"]

1. Nf3 d5 2. g3 Nf6 3. Bg2 g6 4. O-O Bg7 5. c4 dxc4 6. Na3 c3 7. dxc3 Qxd1 8. Rxd1 Nfd7 9. Nb5 Na6 10. Bf4 c6 11. Nc7+ Nxc7 12. Bxc7 f6 13. Nd4 e5 14. Nxc6 O-O 15. Ne7+ Kh8 16. Nxc8 1-0


[Site "https://www.chess.com"]

[Event "Titled Tuesday Blitz March 29 Late 2022"]
[White "Mortazavi, Ali"]
[Black "Goltsev, Dmitry"]
[WhiteFideId "401323"]
[BlackFideId "24176710"]
[WhiteElo "2339"]
[BlackElo "2273"]
[Result "0-1"]
[Round "07"]
[TimeControl "180+1"]
[Date "2022.03.29"]
[WhiteClock "0:00:07"]
[BlackClock "0:00:11"]

1. Nf3 d5 2. g3 c6 3. Bg2 Nf6 4. O-O g6 5. d3 Bg7 6. Nbd2 O-O 7. e4 dxe4 8. dxe4 Nbd7 9. e5 Nd5 10. e6 fxe6 11. Re1 Nc5 12. Nc4 b6 13. Nce5 Bb7 14. a3 Qc7 15. c4 Nf6 16. Qe2 Rad8 17. Rb1 Nb3 18. Bg5 c5 19. Rbd1 Bxf3 20. Nxf3 Rd6 21. Rxd6 Qxd6 22. Qxe6+ Qxe6 23. Rxe6 h6 24. Be3 Kf7 25. Rc6 Ng4 26. Bf4 Bxb2 27. Bh3 h5 28. Ng5+ Kg8 29. Rxg6+ Kh8 30. f3 Bd4+ 31. Kg2 Ne3+ 32. Bxe3 Bxe3 33. Ne4 Nd4 34. f4 h4 35. Ng5 hxg3 36. hxg3 Rf6 37. Rxf6 exf6 38. Ne4 Kg7 39. Nd6 Nc2 40. a4 Kf8 41. Nc8 Na3 42. Be6 Nb1 43. Kf3 Bd2 44. Nxa7 Nc3 45. Bd7 Ke7 46. Bb5 Be1 47. Nc8+ Ke6 48. Nxb6 Nb1 49. a5 Bxa5 50. Nd5 Na3 51. Ba6 Be1 52. g4 Nb1 53. Bc8+ Kf7 54. Ke4 Nd2+ 55. Kf5 Nxc4 56. Be6+ Kg7 57. Nxf6 Ne3+ 58. Kg5 Bd2 59. Ne4 Bb4 60. f5 c4 61. f6+ Kf8 62. Kf4 Ng2+ 63. Kg3 c3 64. Bb3 Ne3 65. Kf3 c2 66. Bxc2 Nxc2 67. g5 Kf7 68. Kf4 Kg6 69. Ng3 Bd6+ 70. Kg4 Ne3+ 71. Kh3 Nd5 72. Ne4 Be5 73. Kg4 Ne3+ 74. Kf3 Nf5 75. Kg4 Nd4 76. Ng3 Nc2 77. Nf5 Kf7 78. Nh6+ Ke6 79. Kh5 Ne3 80. Kg6 Nd5 81. Nf5 Nf4+ 82. Kh7 Kxf5 83. f7 Ne6 84. g6 Bg7 85. Kg8 Kxg6 86. f8=Q Bxf8 87. Kh8 Ng5 88. Kg8 Bd6 89. Kh8 Nf7+ 90. Kg8 Nh6+ 91. Kh8 Be5# 0-1


[Site "https://www.chess.com"]

[Event "Titled Tuesday Blitz March 29 Late 2022"]
[White "Nazari, Arad"]
[Black "Babazada, Khazar"]
[WhiteFideId "12577324"]
[BlackFideId "13413554"]
[WhiteElo "2120"]
[BlackElo "2418"]
[Result "1-0"]
[Round "07"]
[TimeControl "180+1"]
[Date "2022.03.29"]
[WhiteClock "0:00:06"]
[BlackClock "0:00:02"]

1. e4 g6 2. d4 Bg7 3. Nc3 c6 4. f4 d5 5. e5 Nh6 6. Bd3 O-O 7. Nf3 Bf5 8. h3 Bxd3 9. Qxd3 f6 10. Bd2 fxe5 11. fxe5 Qd7 12. g4 Na6 13. a3 c5 14. O-O-O cxd4 15. Nxd4 Nc5 16. Qb5 Qxb5 17. Ndxb5 e6 18. Be3 Rfc8 19. Nd6 Rc6 20. Rhe1 Nd7 21. Ndb5 Nf7 22. Nxa7 Rxc3 23. bxc3 Nfxe5 24. Nb5 Ra5 25. Nd4 Rxa3 26. Nb5 Ra5 27. Nd4 Nc4 28. Nb3 Ra2 29. Bd4 Nde5 30. g5 b6 31. Kb1 Ra8 32. h4 Kf7 33. Re2 Ke7 34. Rde1 Kd6 35. Nd2 Nxd2+ 36. Rxd2 Nf3 37. Rdd1 Bxd4 38. cxd4 Nxe1 39. Rxe1 Ra4 40. c3 b5 41. Kb2 Rc4 42. Kb3 b4 43. cxb4 Rxd4 44. Rc1 Rxh4 45. b5 Rf4 46. b6 Rf7 47. Kb4 d4 48. Kb5 e5 49. Rc6+ Kd5 50. Rc7 Rf1 51. Rd7+ Ke4 52. b7 Rb1+ 53. Kc4 Ke3 54. Rxh7 d3 55. Rh3+ Ke2 56. Rh2+ Ke3 57. Rh3+ Ke2 58. Rxd3 Rxb7 59. Rd6 e4 60. Rxg6 Rd7 61. Re6 e3 62. g6 Kf2 63. Rf6+ Kg3 64. Rf7 Rd8 65. g7 e2 66. Rf8 e1=Q 67. g8=Q+ 1-0


[Site "https://www.chess.com"]

[Event "Titled Tuesday Blitz March 29 Late 2022"]
[White "Needleman, Alejandro"]
[Black "Ljukin, Sergei"]
[WhiteFideId "100730"]
[BlackFideId "14102200"]
[WhiteElo "2260"]
[BlackElo "2312"]
[Result "0-1"]
[Round "07"]
[TimeControl "180+1"]
[Date "2022.03.30"]
[WhiteClock "0:00:04"]
[BlackClock "0:00:02"]

1. e4 e6 2. d4 d5 3. exd5 exd5 4. Nf3 Nf6 5. Bd3 c5 6. O-O Nc6 7. Re1+ Be7 8. dxc5 O-O 9. Nbd2 Bxc5 10. Nb3 Bb6 11. Bg5 h6 12. Bh4 g5 13. Bg3 Bg4 14. c3 Re8 15. Rxe8+ Qxe8 16. Be2 Rd8 17. Qd3 Ne4 18. Nfd4 Bd7 19. Bf3 f5 20. Nc2 f4 21. Qxd5+ Qf7 22. Qxf7+ Kxf7 23. Bxe4 fxg3 24. hxg3 Be6 25. Bxc6 Bxb3 26. axb3 bxc6 27. Nd4 Bxd4 28. cxd4 Rxd4 29. Rxa7+ Ke6 30. Rh7 Rd1+ 31. Kh2 Rd2 32. Rxh6+ Kd5 33. f3 Rxb2 34. Rh5 Kd4 35. Rxg5 Rxb3 36. g4 c5 37. Rg8 c4 38. Kg3 c3 39. Kf4 Rb4 40. Rd8+ Kc4 41. Rd1 c2 42. Rc1 Kd3+ 43. Kg5 Kd2 44. Rxc2+ Kxc2 45. f4 Kd3 46. f5 Ke4 47. f6 Ke5 48. f7 Rf4 49. Kg6 Ke6 50. g5 Rxf7 51. Kh6 Re7 52. g4 Kf7 53. Kh7 Kf8+ 0-1


[Site "https://www.chess.com"]

[Event "Titled Tuesday Blitz March 29 Late 2022"]
[White "Oganian, Miran"]
[Black "Tregubov, Pavel V."]
[WhiteFideId "4122488"]
[BlackFideId "4115341"]
[WhiteElo "2357"]
[BlackElo "2341"]
[Result "1-0"]
[Round "07"]
[TimeControl "180+1"]
[Date "2022.03.29"]
[WhiteClock "0:00:54"]
[BlackClock "0:00:31"]

1. d4 Nf6 2. Nc3 d5 3. Bf4 e6 4. Nb5 Na6 5. e3 c6 6. Nc3 Bd6 7. Bxd6 Qxd6 8. Bxa6 bxa6 9. Nf3 c5 10. O-O O-O 11. Na4 cxd4 12. exd4 a5 13. Nc5 Nd7 14. Nxd7 Bxd7 15. Ne5 Rab8 16. b3 a4 17. Re1 Rfc8 18. Re3 Be8 19. h4 Rc7 20. h5 Rbc8 21. Rc1 f6 22. Ng4 h6 23. Rg3 Kh8 24. Qd2 Qf8 25. Rh3 Bd7 26. Rg3 a5 27. c3 axb3 28. axb3 Rb7 29. c4 a4 30. bxa4 Rxc4 31. Rxc4 dxc4 32. a5 Be8 33. a6 Rb1+ 34. Kh2 Bxh5 35. Qa5 c3 36. a7 c2 37. a8=Q Qxa8 38. Qxa8+ 1-0


[Site "https://www.chess.com"]

[Event "Titled Tuesday Blitz March 29 Late 2022"]
[White "Paravyan, David"]
[Black "Melkumyan, Hrant"]
[WhiteFideId "4194985"]
[BlackFideId "13302485"]
[WhiteElo "2569"]
[BlackElo "2604"]
[Result "1/2-1/2"]
[Round "07"]
[TimeControl "180+1"]
[Date "2022.03.29"]
[WhiteClock "0:01:11"]
[BlackClock "0:01:16"]

1. e4 e5 2. Nf3 Nc6 3. Nc3 Nf6 4. d4 exd4 5. Nxd4 Bb4 6. Nxc6 bxc6 7. Bd3 d5 8. exd5 O-O 9. O-O cxd5 10. Bg5 c6 11. Qf3 Bd6 12. Rae1 h6 13. Bxf6 Qxf6 14. Qxf6 gxf6 15. Nd1 Bd7 16. Ne3 Rfe8 17. Nf5 Bxf5 18. Bxf5 Rad8 19. Re3 Rxe3 20. fxe3 c5 21. Rd1 Be5 22. b3 d4 23. g3 Kf8 24. Kg2 Ke7 25. exd4 Rxd4 26. Bd3 a5 27. a4 Kf8 28. Rf1 Kg7 29. Rf5 Kf8 30. Kf3 Kg7 31. Ke3 Kf8 32. Kd2 Rd8 33. Rh5 Kg7 34. Ke3 Rd4 35. Be4 Rd1 36. Ke2 Rd4 37. Kf3 c4 38. Rh4 cxb3 39. cxb3 Rd2 40. Ke3 Rd1 41. Bd3 Re1+ 42. Kf3 Bd6 43. Rd4 Bb4 44. Bc4 Re5 45. Kg4 Rg5+ 46. Kf4 Re5 47. Rd7 Re7 48. Rd5 Re5 49. Rd3 Re7 50. Kf3 Re5 51. Rd4 Re7 52. Rg4+ Kf8 53. Kf4 Re5 54. Kf3 Rg5 55. Rh4 Kg7 56. Rd4 Re5 57. h4 Bc5 58. Rd7 Re7 1/2-1/2


[Site "https://www.chess.com"]

[Event "Titled Tuesday Blitz March 29 Late 2022"]
[White "Petesch, Gabriel"]
[Black "Sanchez, Robert"]
[WhiteFideId "2032465"]
[BlackFideId "2034360"]
[WhiteElo "2374"]
[BlackElo "2297"]
[Result "1-0"]
[Round "07"]
[TimeControl "180+1"]
[Date "2022.03.30"]
[WhiteClock "0:00:03"]
[BlackClock "0:00:25"]

1. Nc3 e6 2. e4 d5 3. exd5 exd5 4. g3 Nf6 5. Bg2 c6 6. Nf3 Bc5 7. O-O O-O 8. d3 Bg4 9. Ne2 Nbd7 10. d4 Bb6 11. Nf4 Re8 12. c3 Ne4 13. h3 Bf5 14. Nd3 Bc7 15. Re1 h6 16. Qb3 b5 17. Bf4 a5 18. Bxc7 Qxc7 19. Nf4 g5 20. Ne2 Bg6 21. Qd1 b4 22. Rc1 Qd6 23. c4 Re7 24. cxd5 cxd5 25. Qa4 Nb6 26. Qc6 Qxc6 27. Rxc6 Nc4 28. b3 Ncd6 29. Ne5 Bh7 30. f3 f6 31. fxe4 Nxe4 32. Bxe4 fxe5 33. Bxd5+ Kh8 34. Rxh6 exd4 35. Bxa8 d3 36. Kf2 dxe2 37. Rxe2 1-0


[Site "https://www.chess.com"]

[Event "Titled Tuesday Blitz March 29 Late 2022"]
[White "Przybylski, Wojciech"]
[Black "Jaferian, Koosha"]
[WhiteFideId "1117599"]
[BlackFideId "12507440"]
[WhiteElo "2133"]
[BlackElo "2030"]
[Result "0-1"]
[Round "07"]
[TimeControl "180+1"]
[Date "2022.03.30"]
[WhiteClock "0:00:01"]
[BlackClock "0:00:42"]

1. e4 c6 2. Nc3 d5 3. d4 dxe4 4. Nxe4 Bf5 5. Ng3 Bg6 6. N1e2 e6 7. Nf4 Qh4 8. Be3 Bd6 9. Nxg6 hxg6 10. Qf3 Nf6 11. O-O-O Nbd7 12. Bc4 O-O-O 13. Rhe1 Nb6 14. Bf1 Qg4 15. Qxg4 Nxg4 16. h3 Nxe3 17. Rxe3 Bf4 18. Ne2 Bxe3+ 19. fxe3 Nd5 20. Kd2 e5 21. c3 exd4 22. exd4 Rhe8 23. Ng3 Ne3 24. Rc1 Nxf1+ 25. Rxf1 f5 26. h4 Re7 27. h5 gxh5 28. Nxh5 g6 29. Nf4 Rg8 30. Nd3 Re4 31. Ne5 c5 32. Nf7 Rg4 33. Rf2 cxd4 34. Nh6 dxc3+ 35. Kxc3 Rg3+ 36. Kc4 Rd8 37. Nf7 Rd1 38. Rc2 Kd7 39. Ne5+ Ke6 40. Re2 Kf6 41. Nf3 Rg4+ 42. Kc5 Rc1+ 43. Kd5 Rd1+ 44. Kc5 Rc1+ 45. Kd5 Rc6 46. Ne5 Ra4 47. Nxc6 bxc6+ 48. Kxc6 Rxa2 49. Kc5 a5 50. Kc4 a4 51. Rd2 Kg5 52. Kc3 a3 0-1


[Site "https://www.chess.com"]

[Event "Titled Tuesday Blitz March 29 Late 2022"]
[White "Qashashvili, Alexandre"]
[Black "Bachmann, Axel"]
[WhiteFideId "13600842"]
[BlackFideId "3700488"]
[WhiteElo "2316"]
[BlackElo "2587"]
[Result "1-0"]
[Round "07"]
[TimeControl "180+1"]
[Date "2022.03.30"]
[WhiteClock "0:01:30"]
[BlackClock "0:00:03"]

1. e4 c5 2. Nc3 a6 3. Nf3 d6 4. d3 g6 5. Be3 Bg7 6. Qd2 Nc6 7. Be2 e6 8. a4 Rb8 9. d4 cxd4 10. Nxd4 Nge7 11. Nf3 d5 12. exd5 Nxd5 13. Nxd5 Qxd5 14. Qxd5 exd5 15. O-O-O Be6 16. Nd4 Nxd4 17. Bxd4 O-O 18. Bxg7 Kxg7 19. Bf3 Rfd8 20. Rd4 Rbc8 21. Rhd1 Rc5 22. b4 Rc3 23. Bxd5 Bf5 24. Be4 Bxe4 25. Rxe4 Rdc8 26. Rd2 R3c4 27. Red4 R8c7 28. Kb2 a5 29. bxa5 R4c5 30. Rd7 Rxc2+ 31. Rxc2 Rxd7 32. Kb3 Rd5 33. Kb4 Rd4+ 34. Kb5 h5 35. Rc7 Rd2 36. Rxb7 Rxf2 37. a6 Rf5+ 38. Kb6 Rf6+ 39. Ka5 Rf5+ 40. Rb5 Rf2 41. a7 Rxg2 42. a8=Q Rxh2 43. Qd5 Re2 44. Qd4+ Kh6 45. Qf4+ Kg7 46. Rb7 Re5+ 47. Qxe5+ 1-0


[Site "https://www.chess.com"]

[Event "Titled Tuesday Blitz March 29 Late 2022"]
[White "Rasulov, Vugar"]
[Black "Naroditsky, Daniel"]
[WhiteFideId "13402390"]
[BlackFideId "2026961"]
[WhiteElo "2560"]
[BlackElo "2608"]
[Result "1-0"]
[Round "07"]
[TimeControl "180+1"]
[Date "2022.03.29"]
[WhiteClock "0:00:58"]
[BlackClock "0:01:12"]

1. d4 c5 2. d5 Nf6 3. Nc3 g6 4. e4 d6 5. Bb5+ Bd7 6. a4 Bg7 7. h3 O-O 8. Nf3 Na6 9. O-O Nb4 10. Re1 e5 11. Nd2 Nh5 12. Bf1 Nf4 13. Nc4 Qe7 14. Nb5 f5 15. c3 Na6 16. Bxf4 exf4 17. exf5 Qg5 18. Ncxd6 gxf5 19. Qf3 Kh8 20. Re2 c4 21. Rae1 Nc5 22. Re7 Bxb5 23. axb5 Ne4 24. Nf7+ Rxf7 25. Rxf7 Qg6 26. Rxg7 Kxg7 27. Qxf4 Rf8 28. Bxc4 Re8 29. Re3 Ng5 30. h4 Rxe3 31. Qxe3 Ne4 32. Bd3 Nf6 33. c4 Qh5 34. Qg5+ Qxg5 35. hxg5 Nd7 36. Bxf5 Nc5 37. b4 Na4 38. d6 Kf8 39. Bxh7 1-0


[Site "https://www.chess.com"]